AoeStats
← ISRAEL AKBAR

Arena

505946099Analyzed
2v2 RM · 20d ago on Sep 11, 2026· 75m 10s· 4 players
Game mode
Random Map
Map size
Medium (4 player)
Population
200
Speed
Normal
Resources
Standard
Victory
Conquest
Starting age
Dark Age
Ending age
Imperial Age
RankedLock teamsTeams togetherTeam positionsShared explorationLock speedFull tech treeHidden civsTurbo modeCheats
Victory
Defeat
🇸🇪 Mongols · Sweden
596
+15
🇸🇪 Malians · Sweden
577
+16
🇸🇪 Byzantines · Sweden
591
-16
🇸🇪 Goths · Sweden
565
-15
ISRAEL AKBAR
12:57 Feudal Age
16:47 Castle Age
14:40 Double-Bit Axe
14:38 Horse Collar
18:24 Heavy Plow
20:03 Scale Mail Armor
20:14 Forging
22:27 Bow Saw
22:28 Squires
22:48 Chain Mail Armor
23:08 Iron Casting
22:53 Gold Mining
25:16 Pikeman
26:55 Wheelbarrow
26:24 Stone Mining
30:13 Imperial Age
27:48 Fletching
27:59 Padded Archer Armor
29:21 Hand Cart
32:01 Blast Furnace
30:58 Bodkin Arrow
31:18 Leather Archer Armor
31:09 Murder Holes
31:25 Masonry
33:27 Stone Shaft Mining
32:34 Halberdier
32:34 Man-at-Arms
34:02 Fervor
33:57 Devotion
33:21 Long Swordsman
35:21 Two-Man Saw
34:54 Crop Rotation
35:40 Architecture
35:33 Ballistics
35:04 Loom
35:05 Town Watch
36:09 Conscription
35:52 Perfusion
35:55 Anarchy
35:17 Elite Huskarl
36:09 Perfusion
36:12 Anarchy
35:38 Elite Huskarl
36:19 Perfusion
36:42 Conscription
36:25 Perfusion
36:34 Bracer
37:04 Ring Archer Armor
36:52 Two-Handed Swordsman
44:26 Elite Skirmisher
46:17 Capped Ram
46:21 Onager
46:24 Heavy Scorpion
48:32 Caravan
50:22 Chemistry
49:49 Scale Barding Armor
52:12 Champion
63:07 Sappers
64:01 Sanctity
64:01 Faith
64:07 Illumination
63:37 Herbal Medicine
64:18 Theocracy
64:10 Chain Barding Armor
64:24 Coinage
64:05 Guilds
63:58 Town Patrol
63:21 Heavy Cavalry Archer
63:22 Crossbowman
63:30 Crossbowman
65:38 Banking
66:25 Light Cavalry
66:25 Cavalier
67:16 Bloodlines
67:06 Husbandry
69:11 Hussar
74:39 Spies/Treason
Ponta
12:13 Feudal Age
13:26 Double-Bit Axe
13:23 Horse Collar
20:34 Castle Age
20:22 Scale Mail Armor
20:33 Forging
20:29 Scale Barding Armor
21:00 Padded Archer Armor
21:31 Fletching
30:33 Heavy Plow
30:49 Pikeman
34:18 Wheelbarrow
33:28 Loom
33:25 Man-at-Arms
34:07 Squires
33:35 Elite Skirmisher
35:11 Bow Saw
35:24 Ballistics
37:30 Chain Barding Armor
37:26 Chain Mail Armor
37:47 Iron Casting
37:28 Leather Archer Armor
37:08 Bodkin Arrow
37:34 Fortified Wall
37:21 Murder Holes
37:33 Caravan
43:22 Imperial Age
41:12 Hand Cart
42:08 Treadmill Crane
42:25 Guard Tower
43:28 Capped Ram
44:20 Capped Ram
45:59 Halberdier
48:03 Two-Man Saw
47:40 Ring Archer Armor
47:10 Bracer
47:41 Plate Mail Armor
47:46 Plate Barding Armor
48:15 Chemistry
47:05 Arrowslits
47:48 Heavy Camel Rider
47:49 Cavalier
48:30 Husbandry
47:51 Light Cavalry
52:12 Paladin
60:37 Bombard Tower
60:53 Keep
69:53 Elite Cataphract
MrKuk
0:34 Loom
12:17 Feudal Age
13:37 Wheelbarrow
12:54 Double-Bit Axe
13:13 Horse Collar
21:37 Castle Age
24:15 Hand Cart
24:15 Forging
24:06 Scale Mail Armor
24:00 Fletching
24:11 Padded Archer Armor
26:10 Bow Saw
26:02 Heavy Plow
26:00 Gold Mining
29:05 Gold Shaft Mining
28:21 Stone Mining
28:51 Forging
28:38 Bodkin Arrow
28:49 Scale Barding Armor
29:02 Leather Archer Armor
32:28 Stone Shaft Mining
34:28 Imperial Age
31:44 Pikeman
33:02 Caravan
36:58 Conscription
37:48 Elite Mangudai
39:51 Man-at-Arms
41:23 Coinage
41:50 Ballistics
41:55 Long Swordsman
42:35 Squires
42:21 Arson
43:16 Banking
44:16 Chemistry
43:27 Fortified Wall
44:42 Masonry
48:47 Bracer
49:03 Forging
48:56 Scale Mail Armor
48:20 Two-Handed Swordsman
49:02 Champion
52:48 Onager
54:23 Scale Barding Armor
59:12 Light Cavalry
60:03 Bloodlines
59:55 Husbandry
59:20 Cavalier
59:21 Heavy Camel Rider
59:22 Elite Steppe Lancer
61:29 Hussar
62:21 Bloodlines
62:14 Husbandry
62:42 Bloodlines
62:33 Husbandry
65:04 Chain Barding Armor
Shukrullah
12:27 Feudal Age
13:15 Double-Bit Axe
18:21 Horse Collar
25:30 Castle Age
25:43 Forging
25:36 Scale Mail Armor
26:16 Pikeman
26:57 Squires
26:43 Arson
30:59 Wheelbarrow
32:03 Iron Casting
31:54 Chain Mail Armor
38:23 Imperial Age
37:17 Hand Cart
38:32 Elite Gbeto
40:17 Conscription
40:02 Light Cavalry
40:56 Bloodlines
40:50 Husbandry
41:02 Scale Barding Armor
41:39 Plate Mail Armor
44:03 Chain Barding Armor
49:44 Farimba
63:49 Plate Barding Armor
Connection lost

Rejoining the realm…

Still unreachable

The connection could not be restored.

Session expired

The server has moved on; the page needs a fresh start.